 Dungeon Crawl Stone Soup version 0.28.0-43-g3370ac3207 (webtiles) character file.

Game seed: 14981636611202772375

37 Descartes the Charlatan (level 3, -1/15 HPs)
             Began as a Felid Wanderer on Mar 22, 2022.
             Killed from afar by Natasha (7 damage)
             ... with a magic dart
             ... on level 3 of the Dungeon.
             The game lasted 00:01:46 (2407 turns).

Descartes the Charlatan (Felid Wanderer)            Turns: 2407, Time: 00:01:48

Health: -1/15      AC:  1    Str: 11    XL:     3   Next: 21%
Magic:  5/5        EV: 17    Int: 13    God:
Gold:   89         SH:  0    Dex: 14    Spells: 4/4 levels left
                                        Lives:  0   Deaths: 0

rFire   . . .      SeeInvis +     - Unarmed
rCold   . . .      Faith    .   (shield unavailable)
rNeg    . . .      Spirit   .   (armour unavailable)
rPois   .          Reflect  .   (helmet unavailable)
rElec   .          Harm     .   (cloak unavailable)
rCorr   .          Rampage  .   (gloves unavailable)
Will    .....                   (boots unavailable)
Stlth   ++........              (no amulet)
HPRegen 0.05/turn               (no ring)
MPRegen 0.09/turn               (no ring)

@: quick
A: very small, claws 1, fangs 3, see invisible, speed 1, shaggy fur 1, stealthy
paws, no weapons or thrown items, no armour, multi-lived
a: no special abilities


You were on level 3 of the Dungeon.
You visited 1 branch of the dungeon, and saw 3 of its levels.

You collected 89 gold pieces.

Inventory:

Scrolls
 a - a scroll of teleportation
 e - a scroll of identify {unknown}
 f - a scroll of summoning {unknown}
 h - a scroll of enchant armour {unknown}
Potions
 c - 2 potions of might {unknown}
 d - a potion of mutation {unknown}
 g - a potion of brilliance {unknown}
 i - a potion of flight {unknown}
Miscellaneous
 b - a piece from Xom's chessboard (15/15) (quivered)


   Skills:
 - Level 1.0 Fighting
 * Level 3.4 Dodging
 * Level 2.6 Stealth
 * Level 1.8 Unarmed Combat
 - Level 1.0 Spellcasting
 + Level 1.1 Translocations
 + Level 0.5 Transmutations
 - Level 4.3 Evocations


You had 4 spell levels left.
You didn't know any spells.
Your spell library contained the following spells:

 Spells                   Type           Power      Damage    Failure   Level
 Beastly Appendage        Tmut           4%         N/A       22%         1
 Blink                    Tloc           6%         N/A       26%         2
 Summon Small Mammal      Summ           0%         N/A       28%         1
 Wereblood                Tmut           2%         N/A       34%         2
 Passwall                 Tmut/Erth      0%         N/A       36%         2
 Ensorcelled Hibernation  Hex/Ice        0%         N/A       38%         2
 Lesser Beckoning         Tloc           3%         N/A       47%         3
 Spider Form              Tmut/Pois      1%         N/A       58%         3
 Call Canine Familiar     Summ           0%         N/A       63%         3
 Summon Guardian Golem    Hex/Summ       0%         N/A       63%         3
 Swiftness                Air            0%         N/A       63%         3
 Manifold Assault         Tloc           3%         N/A       99%         5


Dungeon Overview and Level Annotations

Branches:
Dungeon (3/15)

Altars:

Annotations:
D:3 Natasha


Innate Abilities, Weirdness & Mutations

You have sharp claws.
You have razor-sharp teeth.
You have supernaturally acute eyesight. (SInv)
You cover ground quickly. (Speed+)
You are covered in fur. (AC +1)
Your paws help you pounce on unaware monsters.
You are incapable of wielding weapons or throwing items.
You cannot wear armour.
You gain extra lives every three experience levels.


Message History

Found a stone staircase leading down.
You closely miss Natasha.
Natasha casts a spell.
You scratch Natasha.
Natasha is lightly wounded.
Natasha drinks a potion.
Natasha suddenly seems more resistant.
You scratch Natasha.
Natasha is lightly wounded.
The iron imp hits you. Natasha misses you.
You scratch Natasha.
Natasha is moderately wounded.
Natasha closely misses you. The iron imp barely misses you.
You scratch Natasha.
Natasha is heavily wounded.
Natasha mumbles some strange words.
The iron imp hits you.
You scratch Natasha but do no damage. Your bite misses Natasha.
Natasha is heavily wounded.
Natasha claws you.
You are too injured to fight recklessly!
You are too injured to fight recklessly!
You are too injured to fight recklessly!
You are too injured to fight recklessly!
You are too injured to fight recklessly!
You are too injured to fight recklessly!
You are too injured to fight recklessly!
You are too injured to fight recklessly!
You are too injured to fight recklessly!
You are too injured to fight recklessly!
You are too injured to fight recklessly!
You are too injured to fight recklessly!
You are too injured to fight recklessly!
You are too injured to fight recklessly!
You scratch Natasha. Your bite misses Natasha.
Natasha is heavily wounded.
A quokka comes into view.
The iron imp closely misses you.
Natasha stares at you and mumbles some strange words.
The magic dart hits you!
You die...

#....####.###.#
####..#.# #.# #.#
......#.# ..# #.#
.##.....# ..##
#.# ###.###.##.#
#.# # ....#
###.#####.####.#>
.....
#............
#.....
..#............
##..#.
.......@.......
.....
.......h5....##
#..###
.......5....?..
.###.#..#......
#...........
(........#..
>......##...#
........r ##.


You could see an iron imp (summoned), Natasha (resistant), a shadow imp
(summoned) and a quokka (wandering).

Vanquished Creatures
  An adder (D:2)
  A worm (D:2)
  A dart slug (D:1)
  3 bats (D:1)
  2 endoplasms
  3 giant cockroaches
  A goblin (D:1)
  A quokka (D:3)
  A ball python (D:2)
  3 frilled lizards
  4 kobolds
  3 rats
24 creatures vanquished.

Notes
Turn   | Place    | Note
-------+----------+-------------------------------------------
     0 | D:1      | Descartes the Felid Wanderer began the quest for the Orb.
     0 | D:1      | Descartes set off with the following items: a scroll of
                  | teleportation, a piece from Xom's chessboard (15/15)
     0 | D:1      | Reached XP level 1. HP: 9/9 MP: 3/3
   573 | D:1      | Reached XP level 2. HP: 9/12 MP: 4/4
  1801 | D:2      | Reached XP level 3. HP: 15/15 MP: 5/5
  1904 | D:2      | Found a faded altar of an unknown god.
  2394 | D:3      | Reached skill level 1 in Translocations
  2397 | D:3      | Noticed Natasha
  2407 | D:3      | Killed from afar by Natasha

Illustrated notes

Levels and vault maps discovered:
D:1:      giann_wishing_wells, layout_basic
D:2:      layout_basic, hellmonk_ecumenical_altar_arch_garden
D:3:      layout_rooms, kennysheep_generic_room_8, uniq_grinder, uniq_natasha

Skill      XL: |  1  2  3 |
---------------+----------+-----
Dodging        | 3 |  3.4
Stealth        | 2 |  2.6
Translocations | 1 |  1.1
Fighting       | |  1.0
Unarmed Combat | |  1.8
Spellcasting   | |  1.0
Transmutations | |  0.5
Evocations     | |  4.3

Action                   || total
-------------------------++-------
Melee: Unarmed           ||    97
       Bite              ||    10
 Stab: Sleeping          ||     4
Armor: Skin              ||    11
Dodge: Dodged            ||    74
